[Event "Titled Tuesday Blitz August 08 Early 2023"]
[White "Baskakov, Egor"]
[Black "Yaran, Siar"]
[WhiteFideId "24197866"]
[BlackFideId "6323006"]
[WhiteElo "2887"]
[BlackElo "2714"]
[Result "1/2-1/2"]
[Round "9"]
[TimeControl "180+1"]
[Date "2023.08.08"]
[WhiteClock "0:01:12"]
[BlackClock "0:00:19"]
[Board "11"]

1. e4 e5 2. Nc3 Nc6 3. g3 f5 4. d3 Nf6 5. Bg2 fxe4 6. dxe4 Bc5 7. h3 O-O 8. Nge2 d6 9. Be3 Bxe3 10. fxe3 Be6 11. Qd2 a5 12. Nd5 Ne7 13. O-O Nexd5 14. exd5 Bd7 15. Nc3 Qe8 16. g4 Qg6 17. Qd3 Qg5 18. Ne4 Nxe4 19. Bxe4 g6 20. Rxf8+ Rxf8 21. Rf1 Rxf1+ 22. Kxf1 Qh4 23. Bg2 Qg3 24. Qc3 Bb5+ 25. Kg1 Be2 26. Qxc7 Qxe3+ 27. Kh1 Qc1+ 28. Kh2 Qf4+ 29. Kh1 Qc1+ 30. Kh2 Qf4+ 31. Kh1 Qc1+ 1/2-1/2


[Site "https://www.chess.com"]

[Event "Titled Tuesday Blitz August 08 Early 2023"]
[White "Krzyzanowski, Marcin"]
[Black "Sarana, Alexey"]
[WhiteFideId "1132199"]
[BlackFideId "24133795"]
[WhiteElo "2801"]
[BlackElo "3075"]
[Result "0-1"]
[Round "9"]
[TimeControl "180+1"]
[Date "2023.08.08"]
[WhiteClock "0:00:00"]
[BlackClock "0:00:14"]
[Board "12"]

1. e4 e5 2. Nf3 Nc6 3. Bb5 a6 4. Ba4 Nf6 5. Nc3 Bc5 6. d3 d6 7. a3 h6 8. h3 Be6 9. Be3 b5 10. Bb3 Bxb3 11. cxb3 O-O 12. O-O Qd7 13. Rc1 Bxe3 14. fxe3 Ne7 15. d4 exd4 16. exd4 Ng6 17. e5 Nh5 18. Nd5 Rac8 19. Re1 Rfd8 20. Nb4 Nhf4 21. exd6 cxd6 22. Rxc8 Rxc8 23. Nxa6 Nd5 24. Qd2 Qf5 25. Nb4 Nxb4 26. Qxb4 Rc2 27. Qxd6 Nf4 28. Qd8+ Kh7 29. Nh4 Ne2+ 30. Kh1 Qf2 31. Rd1 Ng3+ 32. Kh2 Qf4 33. Kg1 Qf2+ 34. Kh2 Nf1+ 35. Kh1 Ne3 36. Rg1 g5 37. Nf3 Nxg2 38. Qf6 Kg8 39. Qd8+ Kg7 40. Qd6 Qxf3 41. Qe5+ Kh7 42. Qe7 Nh4+ 0-1


[Site "https://www.chess.com"]

[Event "Titled Tuesday Blitz August 08 Early 2023"]
[White "Tabatabaei, M. Amin"]
[Black "Rahman, Masruri"]
[WhiteFideId "12521213"]
[BlackFideId "7101163"]
[WhiteElo "3011"]
[BlackElo "2788"]
[Result "1-0"]
[Round "9"]
[TimeControl "180+1"]
[Date "2023.08.08"]
[WhiteClock "0:00:20"]
[BlackClock "0:00:01"]
[Board "13"]

1. d4 e6 2. b4 Bxb4+ 3. c3 Be7 4. e4 d5 5. e5 b6 6. h4 Qd7 7. h5 h6 8. Qg4 Bf8 9. Nh3 Ba6 10. Nf4 Bxf1 11. Kxf1 Nc6 12. Nd2 O-O-O 13. Nb3 Nge7 14. a4 a5 15. Rb1 Nf5 16. Qe2 Nb8 17. Nxa5 Qxa4 18. Nb3 Qa6 19. Nd3 Qc4 20. Rh3 Nc6 21. g4 Nfe7 22. Nd2 Qa2 23. Bb2 Qa4 24. Rf3 Kd7 25. Ra1 Qc2 26. Rc1 Qa4 27. Rxf7 Ke8 28. Rf3 Rg8 29. Nf4 Kd7 30. Qd3 Na5 31. Kg2 Nc4 32. Nxc4 Qxc4 33. Qh7 Ra8 34. Re1 Ra2 35. Bc1 Qb3 36. Ng6 Nxg6 37. hxg6 Rh8 38. Qxh8 Qc2 39. Qxf8 1-0


[Site "https://www.chess.com"]

[Event "Titled Tuesday Blitz August 08 Early 2023"]
[White "Demidov, Mikhail"]
[Black "Adewumi, Tanitoluwa"]
[WhiteFideId "4197143"]
[BlackFideId "30966396"]
[WhiteElo "2959"]
[BlackElo "2756"]
[Result "0-1"]
[Round "9"]
[TimeControl "180+1"]
[Date "2023.08.08"]
[WhiteClock "0:00:12"]
[BlackClock "0:00:12"]
[Board "14"]

1. Nf3 Nf6 2. g3 g6 3. b3 Bg7 4. Bb2 O-O 5. Bg2 d5 6. c4 c6 7. O-O Nbd7 8. Qc2 Re8 9. Nc3 a6 10. d4 b5 11. e4 b4 12. Nxd5 cxd5 13. exd5 Bb7 14. Ne5 Nxe5 15. dxe5 Nd7 16. Rfe1 Rc8 17. Rad1 Nc5 18. h4 Qb6 19. h5 e6 20. Qd2 exd5 21. cxd5 Rcd8 22. h6 Bh8 23. Bd4 Qb5 24. Qe3 Nd7 25. e6 fxe6 26. Bxh8 Kxh8 27. dxe6 Bxg2 28. Rxd7 Qxd7 29. exd7 Rxe3 30. Rxe3 Bc6 31. Re6 Bxd7 32. Rxa6 Kg8 33. Rb6 Ra8 34. Rxb4 Rxa2 35. f4 Kf7 36. Rb8 Bf5 37. Rh8 g5 38. fxg5 Kg6 39. Rg8+ Kh5 40. Rg7 Bg6 41. b4 Rb2 42. Rb7 Kxg5 43. b5 Kxh6 44. b6 Kg5 45. Rb8 Kg4 46. Kf1 Kxg3 47. Ke1 Kf4 48. b7 Ke5 49. Kd1 Kd6 50. Rd8+ Kc7 51. Rd4 Rxb7 52. Ke1 Rb6 53. Kf2 Rd6 54. Ra4 Kd7 55. Kg3 Ke6 56. Kh4 Kf6 57. Rb4 Re6 58. Kg3 Kg5 59. Rb5+ Bf5 60. Ra5 h5 61. Kg2 h4 62. Ra2 Kf4 63. Kh2 Re3 64. Ra4+ Be4 65. Ra2 Bf3 66. Ra4+ Re4 67. Ra2 Re2+ 68. Rxe2 Bxe2 69. Kh3 Kg5 70. Kg2 Kg4 71. Kh2 h3 72. Kg1 Kg3 73. Kh1 Bf3+ 74. Kg1 h2+ 75. Kf1 h1=Q# 0-1


[Site "https://www.chess.com"]

[Event "Titled Tuesday Blitz August 08 Early 2023"]
[White "Alekseev, Evgeny"]
[Black "Kumsiashvili, Nikoloz"]
[WhiteFideId "4138147"]
[BlackFideId "13600621"]
[WhiteElo "2938"]
[BlackElo "2759"]
[Result "1/2-1/2"]
[Round "9"]
[TimeControl "180+1"]
[Date "2023.08.08"]
[WhiteClock "0:00:06"]
[BlackClock "0:00:10"]
[Board "15"]

1. e4 c5 2. Nf3 e6 3. d4 cxd4 4. Nxd4 Nc6 5. Nc3 Qc7 6. Be3 a6 7. g4 Bb4 8. Bg2 Bxc3+ 9. bxc3 Nge7 10. O-O O-O 11. f4 e5 12. Nxc6 Qxc6 13. f5 Qxc3 14. Qd3 Qxd3 15. cxd3 Nc6 16. Bb6 a5 17. Rab1 Ra6 18. a3 Re8 19. Bc5 a4 20. Rfc1 Na5 21. Rb6 Nb3 22. Rxa6 bxa6 23. Rc3 Bb7 24. Bd6 Bc6 25. g5 f6 26. h4 Kf7 27. Kf2 g6 28. Bh3 Nd4 29. Rc1 gxf5 30. exf5 Nb3 31. Rg1 e4 32. dxe4 Rxe4 33. g6+ hxg6 34. fxg6+ Kg7 35. h5 Rh4 36. Bg4 Rh1 37. Rxh1 Bxh1 38. Bxd7 Bd5 39. Bf4 Nc5 40. Bf5 Ne4+ 41. Ke3 Ng5 42. Kd4 Bb3 43. Bxg5 fxg5 44. Ke5 Bc4 45. Bg4 Bd3 46. Bd1 Bb5 47. Kf5 Kh6 48. Kf6 Bc4 49. g7 Bd5 50. Bg4 Kh7 51. Bf5+ Kh6 52. Bg4 Kh7 53. Be2 Kh6 54. Bd1 Kh7 55. Be2 Kh6 56. Bxa6 Kxh5 57. Bb5 Kh6 58. Bxa4 g4 59. Bb5 g3 60. Bf1 Kh7 61. a4 g2 62. Bxg2 Bxg2 63. a5 Bd5 64. a6 Kg8 65. a7 Ba8 66. Kg6 Be4+ 67. Kf6 Ba8 68. Kg6 Be4+ 69. Kf6 Ba8 1/2-1/2


[Site "https://www.chess.com"]

[Event "Titled Tuesday Blitz August 08 Early 2023"]
[White "Materia, Marco"]
[Black "Indjic, Aleksandar"]
[WhiteFideId "45150451"]
[BlackFideId "911925"]
[WhiteElo "2755"]
[BlackElo "2933"]
[Result "0-1"]
[Round "9"]
[TimeControl "180+1"]
[Date "2023.08.08"]
[WhiteClock "0:00:58"]
[BlackClock "0:01:26"]
[Board "16"]

1. d4 c5 2. d5 e5 3. c4 d6 4. Nc3 Be7 5. e4 Bg5 6. Bd3 Bxc1 7. Qxc1 Nf6 8. Nge2 Nbd7 9. O-O Nf8 10. a3 Ng6 11. b4 b6 12. Rb1 O-O 13. bxc5 bxc5 14. Bc2 Bd7 15. Ba4 Bxa4 16. Nxa4 Nxe4 17. Qc2 f5 18. Rb7 Qg5 19. Nac3 Nxc3 20. Qxc3 f4 21. f3 Nh4 22. Rf2 Nf5 23. Qd3 Rfb8 24. Rd7 Qg6 25. h3 Rb6 26. Nc3 Rb3 27. Qc2 Rab8 28. Nb5 Re3 29. Re2 a6 30. Rxe3 fxe3 31. Nc3 h5 32. g4 Nh4 33. Qxg6 Nxg6 34. Rxd6 Nf4 35. Rxa6 Rb3 36. d6 Rxc3 37. d7 Rc1+ 38. Kh2 Rd1 39. Ra8+ Kh7 40. Re8 Rxd7 41. Rxe5 e2 42. Kg3 Rd1 43. Kxf4 e1=Q 44. Rxe1 Rxe1 45. a4 Rc1 46. Ke5 Rxc4 47. Kd5 Rxa4 48. Kxc5 h4 0-1


[Site "https://www.chess.com"]

[Event "Titled Tuesday Blitz August 08 Early 2023"]
[White "Wagner, Dennis"]
[Black "Shimanov, Aleksandr"]
[WhiteFideId "24650684"]
[BlackFideId "4198603"]
[WhiteElo "2749"]
[BlackElo "2923"]
[Result "1-0"]
[Round "9"]
[TimeControl "180+1"]
[Date "2023.08.08"]
[WhiteClock "0:00:07"]
[BlackClock "0:00:02"]
[Board "17"]

1. e4 c6 2. d4 d5 3. exd5 cxd5 4. Bd3 Nf6 5. h3 Nc6 6. Nf3 g6 7. O-O a6 8. Re1 Bf5 9. Bxf5 gxf5 10. Qd3 Ne4 11. Bf4 e6 12. Nbd2 Bg7 13. Ne5 Bxe5 14. dxe5 Rg8 15. c4 Qh4 16. Nxe4 fxe4 17. Qe3 O-O-O 18. cxd5 exd5 19. Rac1 Rg6 20. Bg3 Qe7 21. Qa7 Qb4 22. e6 Rxe6 23. Red1 d4 24. a3 Qb5 25. Rxc6+ Rxc6 26. Qb8+ Kd7 27. Rxd4+ Ke6 28. Qxd8 Rc1+ 29. Kh2 Kf5 30. Rd5+ 1-0


[Site "https://www.chess.com"]

[Event "Titled Tuesday Blitz August 08 Early 2023"]
[White "Jaracz, Pawel"]
[Black "Zhigalko, Sergei"]
[WhiteFideId "1102222"]
[BlackFideId "13502956"]
[WhiteElo "2748"]
[BlackElo "2916"]
[Result "1-0"]
[Round "9"]
[TimeControl "180+1"]
[Date "2023.08.08"]
[WhiteClock "0:00:15"]
[BlackClock "0:00:00"]
[Board "18"]

1. e4 c5 2. Nf3 Nc6 3. Bb5 Nf6 4. Bxc6 dxc6 5. d3 Bg4 6. h3 Bh5 7. b3 Qc7 8. Bb2 Nd7 9. g4 Bg6 10. e5 e6 11. Qe2 Be7 12. Nbd2 O-O-O 13. O-O-O Nb6 14. Ne4 Nd5 15. Nd6+ Kb8 16. h4 h5 17. g5 Qa5 18. a3 Rd7 19. Qe1 Qc7 20. Kb1 Rhd8 21. Nd2 f6 22. gxf6 gxf6 23. Rg1 Bh7 24. N2e4 Bxe4 25. dxe4 fxe5 26. exd5 Bxd6 27. dxe6 Re7 28. Rg6 c4 29. Rxd6 Rxd6 30. Bxe5 Re8 31. Rg7 Qd8 32. Rd7 Qxd7 33. exd7 Re7 34. Bxd6+ 1-0


[Site "https://www.chess.com"]

[Event "Titled Tuesday Blitz August 08 Early 2023"]
[White "Nazari, Arad"]
[Black "Zemlyanskii, Ivan"]
[WhiteFideId "12577324"]
[BlackFideId "24249971"]
[WhiteElo "2745"]
[BlackElo "2910"]
[Result "1-0"]
[Round "9"]
[TimeControl "180+1"]
[Date "2023.08.08"]
[WhiteClock "0:00:04"]
[BlackClock "0:00:01"]
[Board "19"]

1. e4 c5 2. Nf3 e6 3. d4 cxd4 4. Nxd4 Nf6 5. Nc3 Nc6 6. Nxc6 bxc6 7. e5 Nd5 8. Ne4 Qc7 9. f4 Rb8 10. c4 Bb4+ 11. Ke2 O-O 12. a3 Be7 13. cxd5 cxd5 14. Nd6 f6 15. Nxc8 Rfxc8 16. exf6 Bxf6 17. Rb1 Kh8 18. Kf3 e5 19. Kg4 Qc6 20. f5 g6 21. fxg6 Qe6+ 22. Kg3 Rg8 23. h3 e4 24. Bf4 Be5 25. Bxe5+ Qxe5+ 26. Kf2 Rxg6 27. Qd2 e3+ 28. Qxe3 Qf5+ 29. Kg1 Qxb1 30. Qe5+ Kg8 31. Qxb8+ Kg7 32. Kh2 Qf5 33. Rg1 d4 34. Be2 d3 35. Bf3 d6 36. Qc7+ Kh6 37. Qc1+ Kg7 38. Qe3 Re6 39. Qd4+ Kg6 40. Rd1 Qf6 1-0


[Site "https://www.chess.com"]

[Event "Titled Tuesday Blitz August 08 Early 2023"]
[White "Fiorito, Joaquin"]
[Black "Gholami Orimi, Mahdi"]
[WhiteFideId "180173"]
[BlackFideId "12558486"]
[WhiteElo "2744"]
[BlackElo "2901"]
[Result "0-1"]
[Round "9"]
[TimeControl "180+1"]
[Date "2023.08.08"]
[WhiteClock "0:01:50"]
[BlackClock "0:02:42"]
[Board "20"]

1. d4 Nf6 2. c4 e6 3. Nc3 Bb4 4. e3 b6 5. Ne2 Ne4 6. a3 Nxc3 7. Nxc3 Be7 8. Qf3 Nc6 9. Bd3 Bb7 10. Qg3 O-O 11. O-O f5 12. Qh3 Rf6 13. f3 Rh6 14. Qg3 Bh4 15. Qf4 g5 0-1


[Site "https://www.chess.com"]

[Event "Titled Tuesday Blitz August 08 Early 2023"]
[White "Khubukshanov, Erdem"]
[Black "splendidkid"]
[WhiteFideId "54114527"]
[WhiteElo "2849"]
[BlackElo "2742"]
[Result "1-0"]
[Round "9"]
[TimeControl "180+1"]
[Date "2023.08.08"]
[WhiteClock "0:01:38"]
[BlackClock "0:00:59"]
[Board "21"]

1. e4 c5 2. Nf3 d6 3. Bb5+ Nd7 4. Ba4 a6 5. c4 Nf6 6. O-O Nxe4 7. Re1 Nf6 8. d4 cxd4 9. Nxd4 g6 10. Nf3 Qc7 11. Bf4 e5 12. Nxe5 Be7 13. Nxd7 Bxd7 14. Bxd6 Qxd6 15. Qxd6 Bxa4 1-0


[Site "https://www.chess.com"]

[Event "Titled Tuesday Blitz August 08 Early 2023"]
[White "Kushko, Dmitriy"]
[Black "Alex_Sahakyan2006"]
[WhiteFideId "14162261"]
[WhiteElo "2844"]
[BlackElo "2729"]
[Result "1-0"]
[Round "9"]
[TimeControl "180+1"]
[Date "2023.08.08"]
[WhiteClock "0:00:14"]
[BlackClock "0:00:04"]
[Board "22"]

1. Nf3 d5 2. g3 Bg4 3. Bg2 Nd7 4. h3 Bxf3 5. Bxf3 c6 6. O-O Ngf6 7. d3 e6 8. Bg2 h5 9. h4 Ng4 10. c4 dxc4 11. dxc4 Bc5 12. Nc3 Nde5 13. Ne4 Be7 14. Qb3 Qb6 15. Bf4 O-O-O 16. Qxb6 axb6 17. f3 Nxc4 18. fxg4 hxg4 19. b3 Na3 20. Rad1 Nb5 21. Be3 f5 22. Ng5 Nc3 23. Rxd8+ Bxd8 24. Kf2 Re8 25. Bd4 Bf6 26. Bxc3 Bxc3 27. Rd1 Kc7 28. e3 Bf6 29. a4 e5 30. Bf1 e4 31. Bc4 Re5 32. Ne6+ Kc8 33. Nf4 Kc7 34. Rd2 Be7 35. Ne6+ Kc8 36. Nxg7 b5 37. axb5 cxb5 38. Rd5 Bf6 39. Rxe5 Bxe5 40. Be6+ Kd8 41. Nxf5 1-0


[Site "https://www.chess.com"]

[Event "Titled Tuesday Blitz August 08 Early 2023"]
[White "Korchmar, Vasiliy"]
[Black "Timofeev, Artyom"]
[WhiteFideId "24131750"]
[BlackFideId "4140419"]
[WhiteElo "2712"]
[BlackElo "2842"]
[Result "1-0"]
[Round "9"]
[TimeControl "180+1"]
[Date "2023.08.08"]
[WhiteClock "0:00:12"]
[BlackClock "0:00:46"]
[Board "23"]

1. e4 e6 2. d4 d5 3. e5 c5 4. c3 Nc6 5. Nf3 Qb6 6. Be2 f6 7. O-O fxe5 8. dxe5 g6 9. c4 Nge7 10. Nc3 Qd8 11. Bg5 Bg7 12. cxd5 exd5 13. Qb3 c4 14. Qa3 Qb6 15. Rad1 Qb4 16. Qxb4 Nxb4 17. Bxe7 Kxe7 18. a3 Nc6 19. Nxd5+ Kf8 20. Bxc4 Be6 21. Ng5 Bxd5 22. Bxd5 Ke7 23. f4 Rac8 24. Ne4 Rc7 25. Rd3 Rd8 26. Rfd1 h6 27. Bxc6 Rxd3 28. Rxd3 Rxc6 29. Kf2 g5 30. g3 Rc4 31. Ke3 gxf4+ 32. gxf4 Ke6 33. Rd6+ Kf5 34. Ng3+ Kg4 35. Rg6+ Kh3 36. Rxg7 1-0


[Site "https://www.chess.com"]

[Event "Titled Tuesday Blitz August 08 Early 2023"]
[White "Pakleza, Zbigniew"]
[Black "Sokolovsky, Yahli"]
[WhiteFideId "1119290"]
[BlackFideId "2820242"]
[WhiteElo "2832"]
[BlackElo "2696"]
[Result "1-0"]
[Round "9"]
[TimeControl "180+1"]
[Date "2023.08.08"]
[WhiteClock "0:00:15"]
[BlackClock "0:00:00"]
[Board "24"]

1. d4 d5 2. Bf4 c6 3. e3 Bf5 4. c4 e6 5. Nc3 Na6 6. cxd5 exd5 7. Bxa6 bxa6 8. Nf3 Qb6 9. O-O Qxb2 10. Na4 Qb5 11. Nc5 Nf6 12. a4 Qb6 13. Nh4 Bg4 14. f3 Bc8 15. Qc2 g6 16. Rab1 Qd8 17. Nb7 Bxb7 18. Rxb7 Rc8 19. Nf5 gxf5 20. Qxf5 Nd7 21. Rfb1 Be7 22. Rxa7 Nb6 23. Rxb6 Qxb6 24. Qxc8+ Bd8 25. Qd7+ 1-0


[Site "https://www.chess.com"]

[Event "Titled Tuesday Blitz August 08 Early 2023"]
[White "Tarhan, Adar"]
[Black "Remizov, Yaroslav"]
[WhiteFideId "34544712"]
[BlackFideId "34134015"]
[WhiteElo "2668"]
[BlackElo "2830"]
[Result "0-1"]
[Round "9"]
[TimeControl "180+1"]
[Date "2023.08.08"]
[WhiteClock "0:00:02"]
[BlackClock "0:00:24"]
[Board "25"]

1. e4 c5 2. Nf3 Nc6 3. d4 cxd4 4. Nxd4 Nf6 5. Nc3 e6 6. Nxc6 bxc6 7. e5 Nd5 8. Ne4 Qc7 9. f4 Rb8 10. c4 Bb4+ 11. Ke2 O-O 12. a3 Be7 13. cxd5 cxd5 14. Nd6 f6 15. Nxc8 Rfxc8 16. Qd2 fxe5 17. fxe5 Qxe5+ 18. Kd1 Qe4 19. Bd3 Qa4+ 20. Ke1 Bb4 21. axb4 Qxa1 22. Ke2 Qa4 23. b5 Qg4+ 24. Ke1 e5 25. Rf1 e4 26. Be2 Qe6 27. b3 d4 28. Bb2 d3 29. Qg5 Qg6 30. Qd5+ Kh8 31. Rf7 Rg8 32. Bh5 Qxg2 33. Qe5 d6 34. Qd4 e3 35. Bc3 d2+ 36. Kd1 Qg1+ 37. Kc2 Qc1+ 38. Kd3 d1=Q+ 39. Bxd1 Qxd1+ 40. Kxe3 Rbe8+ 41. Kf2 Re2+ 42. Kg3 Qc2 43. Kf3 Rg2 44. Qe3 Rg6 45. h3 Qd1+ 46. Kf2 Qg1+ 47. Ke2 Rg2+ 48. Kd3 Rg3 49. Rf3 Qd1+ 50. Ke4 d5+ 51. Kf4 Rxf3+ 52. Qxf3 Rf8+ 53. Ke5 Qxf3 0-1


[Site "https://www.chess.com"]

[Event "Titled Tuesday Blitz August 08 Early 2023"]
[White "Ashraf, Artin"]
[Black "Fus, Jakub"]
[WhiteFideId "22514805"]
[BlackFideId "1193023"]
[WhiteElo "2811"]
[BlackElo "2686"]
[Result "1-0"]
[Round "9"]
[TimeControl "180+1"]
[Date "2023.08.08"]
[WhiteClock "0:00:03"]
[BlackClock "0:00:01"]
[Board "26"]

1. e4 e6 2. d3 d5 3. Nd2 Nf6 4. g3 Nc6 5. Bg2 dxe4 6. Nxe4 Nxe4 7. Bxe4 e5 8. f4 exf4 9. Bxf4 Bd6 10. Qd2 Qf6 11. O-O-O Bxf4 12. gxf4 Bd7 13. Nf3 O-O-O 14. Rhe1 h6 15. Ne5 Rhe8 16. Nxd7 Kxd7 17. Qf2 a6 18. d4 Kc8 19. d5 Nb8 20. Bg2 g5 21. Qa7 Qxf4+ 22. Kb1 Qg4 23. Bf1 Qh4 24. Rxe8 Rxe8 25. Bd3 Qf4 26. a4 Re3 27. Rf1 Rf3 28. Re1 Re3 29. Qxe3 Qxe3 30. Rxe3 1-0


[Site "https://www.chess.com"]

[Event "Titled Tuesday Blitz August 08 Early 2023"]
[White "Pham, Le Thao Nguyen"]
[Black "Mayank Chakraborty"]
[WhiteFideId "12401226"]
[BlackFideId "25659766"]
[WhiteElo "2655"]
[BlackElo "2807"]
[Result "1-0"]
[Round "9"]
[TimeControl "180+1"]
[Date "2023.08.08"]
[WhiteClock "0:00:17"]
[BlackClock "0:00:02"]
[Board "27"]

1. d4 e6 2. c4 Nf6 3. Nf3 d5 4. Nc3 dxc4 5. e3 a6 6. a4 c5 7. Bxc4 Nc6 8. O-O cxd4 9. exd4 Nb4 10. Bg5 Be7 11. Qb3 Nc6 12. Rfd1 Na5 13. Qa2 Nxc4 14. Qxc4 O-O 15. Ne5 Nd5 16. Bxe7 Nxe7 17. a5 b5 18. axb6 Qxb6 19. Qc5 Qb7 20. Ra4 Nf5 21. Rb4 Qa7 22. Nc6 Qd7 23. d5 exd5 24. Nxd5 Qe6 25. Nde7+ Nxe7 26. Nxe7+ Kh8 27. Ng6+ fxg6 28. Qxf8+ Qg8 29. Rd8 Bb7 30. Qxg8# 1-0


[Site "https://www.chess.com"]

[Event "Titled Tuesday Blitz August 08 Early 2023"]
[White "Sethuraman, S.P."]
[Black "Pranesh M"]
[WhiteFideId "5021596"]
[BlackFideId "35028600"]
[WhiteElo "2793"]
[BlackElo "3035"]
[Result "0-1"]
[Round "9"]
[TimeControl "180+1"]
[Date "2023.08.08"]
[WhiteClock "0:00:00"]
[BlackClock "0:00:54"]
[Board "28"]

1. d4 d5 2. c4 e6 3. Nf3 c6 4. Nc3 dxc4 5. e4 b5 6. Qc2 Na6 7. Be2 Nf6 8. O-O Bb7 9. b3 cxb3 10. axb3 Be7 11. Qb1 O-O 12. e5 Nd5 13. Nxd5 Qxd5 14. Bg5 Bd8 15. Bd3 h6 16. Be4 Qd7 17. Bd2 Be7 18. Qc1 c5 19. Bxb7 Qxb7 20. Bxh6 cxd4 21. Bg5 Bxg5 22. Qxg5 Nc5 23. b4 Ne4 24. Qh4 f5 25. exf6 Rxf6 26. Rfe1 Nc3 27. Ng5 Rh6 28. Qxd4 Qc6 29. Nf3 Rg6 30. Qe3 Rf8 31. Kh1 Nd5 32. Qe4 Rgf6 33. Rxa7 Qc3 34. Raa1 Nf4 35. Rac1 Qb2 36. g3 Nh3 37. Rf1 Nxf2+ 38. Rxf2 Qxf2 39. Ng5 Qf5 40. Qxf5 exf5 41. Rc5 f4 42. gxf4 Rxf4 43. Ne6 Rf1+ 44. Kg2 R8f2+ 45. Kg3 Rf6 46. Rc8+ Kh7 47. Ng5+ Kg6 48. Ne4 Re6 49. Nc5 Re3+ 50. Kg2 Rb1 51. Rc6+ Kh7 52. Na6 Rb2+ 0-1


[Site "https://www.chess.com"]

[Event "Titled Tuesday Blitz August 08 Early 2023"]
[White "Muradli, Mahammad"]
[Black "Zelbel, Patrick"]
[WhiteFideId "13409301"]
[BlackFideId "24624322"]
[WhiteElo "2900"]
[BlackElo "2781"]
[Result "0-1"]
[Round "9"]
[TimeControl "180+1"]
[Date "2023.08.08"]
[WhiteClock "0:00:00"]
[BlackClock "0:00:06"]
[Board "30"]

1. e4 d5 2. exd5 Qxd5 3. Nc3 Qa5 4. Nf3 Nf6 5. d4 Bf5 6. Bd3 e6 7. O-O Bb4 8. Ne2 Bxd3 9. Qxd3 O-O 10. Bg5 Nbd7 11. c3 Bd6 12. a4 a6 13. Rfd1 h6 14. Bh4 Rad8 15. b4 Qf5 16. Qxf5 exf5 17. Bxf6 Nxf6 18. Rd3 Rfe8 19. Ng3 g6 20. Nf1 Re2 21. Rd2 Rde8 22. Ne3 Rxd2 23. Nxd2 b5 24. a5 f4 25. Nef1 Nd5 26. Rc1 Re2 27. Nb3 f5 28. Nfd2 Kf7 29. Kf1 Re6 30. Nf3 g5 31. Nc5 Bxc5 32. bxc5 Kf6 33. Ne5 g4 34. Ke2 h5 35. Kd2 Ne7 36. Re1 Kg7 37. Nd3 Rxe1 38. Kxe1 Nd5 39. Kd2 h4 40. Ne5 Nf6 41. Nc6 Ne4+ 42. Kc2 Nxf2 43. Nb4 f3 44. gxf3 g3 45. hxg3 hxg3 46. d5 g2 47. d6 g1=Q 48. dxc7 Qd1+ 49. Kb2 Qe2+ 50. Ka3 Qe6 51. c6 Nd1 52. Nxa6 Nxc3 53. Kb4 Qc4+ 54. Ka3 Nb1+ 55. Kb2 Qxc6 56. Nb4 Qc3+ 57. Kxb1 Qxb4+ 0-1


[Site "https://www.chess.com"]

[Event "Titled Tuesday Blitz August 08 Early 2023"]
[White "Sychev, Klementy"]
[Black "Demchenko, Anton"]
[WhiteFideId "4114060"]
[BlackFideId "4160258"]
[WhiteElo "2770"]
[BlackElo "2892"]
[Result "1-0"]
[Round "9"]
[TimeControl "180+1"]
[Date "2023.08.08"]
[WhiteClock "0:00:04"]
[BlackClock "0:00:00"]
[Board "31"]

1. e4 e5 2. Nf3 Nc6 3. d4 exd4 4. c3 d5 5. exd5 Qxd5 6. cxd4 Bg4 7. Be2 Bb4+ 8. Nc3 Bxf3 9. Bxf3 Qc4 10. Be3 O-O-O 11. Qb3 Qxb3 12. axb3 a5 13. O-O Nf6 14. Rfd1 Rhe8 15. Rac1 Kb8 16. g3 h6 17. Kg2 Re7 18. Ne2 Nd5 19. Bxd5 Rxd5 20. Nf4 Rd8 21. Nh5 f6 22. d5 Ne5 23. Nf4 Ng4 24. Bc5 Bxc5 25. Rxc5 b6 26. Rcc1 Rd6 27. Ne6 c6 28. Nd4 Red7 29. dxc6 Rc7 30. h3 Ne5 31. Nb5 Rxd1 32. Rxd1 Rxc6 33. f4 Ng6 34. Rd7 Nf8 35. Rd8+ Kb7 36. Rxf8 Rc2+ 37. Kf3 Rxb2 38. Nd4 Kc7 39. Rf7+ Kd6 40. Rxg7 Kd5 41. Rd7+ Kc5 42. Ke4 b5 43. h4 a4 44. Rd5+ Kb4 45. Rxb5+ Kc3 46. bxa4 Rg2 47. a5 1-0


[Site "https://www.chess.com"]

[Event "Titled Tuesday Blitz August 08 Early 2023"]
[White "Aradhya, Garg"]
[Black "Kazakouski, Valery"]
[WhiteFideId "25006746"]
[BlackFideId "13507443"]
[WhiteElo "2762"]
[BlackElo "2891"]
[Result "0-1"]
[Round "9"]
[TimeControl "180+1"]
[Date "2023.08.08"]
[WhiteClock "0:00:20"]
[BlackClock "0:01:38"]
[Board "32"]

1. d4 Nf6 2. Nf3 e6 3. Bg5 h6 4. Bxf6 Qxf6 5. e4 d6 6. Nc3 Nd7 7. Bc4 c6 8. Qe2 e5 9. d5 Be7 10. O-O O-O 11. a4 a5 12. Rad1 Nc5 13. Ne1 Qg6 14. Nd3 Nxd3 15. Rxd3 Kh8 16. Rg3 Qh7 17. h3 h5 18. Rf3 g6 19. Bd3 Qh6 20. Rd1 f5 21. g3 f4 22. Kg2 g5 23. g4 Kg7 24. gxh5 Qxh5 25. Rxf4 Qxh3+ 26. Kg1 Rxf4 27. f3 Rxf3 0-1


[Site "https://www.chess.com"]

[Event "Titled Tuesday Blitz August 08 Early 2023"]
[White "Shyam, Sundar M."]
[Black "Vokhidov, Shamsiddin"]
[WhiteFideId "5019141"]
[BlackFideId "14204223"]
[WhiteElo "2724"]
[BlackElo "2889"]
[Result "0-1"]
[Round "9"]
[TimeControl "180+1"]
[Date "2023.08.08"]
[WhiteClock "0:01:58"]
[BlackClock "0:02:10"]
[Board "33"]

1. e4 c5 2. Nf3 e6 3. g3 Nc6 4. Bg2 Nf6 5. Qe2 e5 6. O-O Be7 7. c3 O-O 8. d3 Re8 9. Na3 h6 10. Nc2 d5 11. Rd1 d4 12. c4 a6 13. h3 b5 14. b3 Rb8 15. Nh4 Bf8 16. Nf5 Ne7 17. Nxe7+ Qxe7 18. f4 g6 19. Qf3 Bg7 20. fxe5 Nd7 21. Bf4 Nxe5 22. Qe2 bxc4 23. bxc4 Rb2 24. Rf1 Be6 25. Bc1 Rb7 26. Kh2 Bxc4 27. dxc4 d3 28. Qd1 dxc2 29. Qxc2 Ng4+ 30. hxg4 Bxa1 31. Bxh6 Be5 32. g5 Rb2 0-1


[Site "https://www.chess.com"]

[Event "Titled Tuesday Blitz August 08 Early 2023"]
[White "Galchenko, Matvey"]
[Black "Nagare Kaivalya Sandip"]
[WhiteFideId "24175480"]
[BlackFideId "25957929"]
[WhiteElo "2875"]
[BlackElo "2685"]
[Result "1-0"]
[Round "9"]
[TimeControl "180+1"]
[Date "2023.08.08"]
[WhiteClock "0:00:13"]
[BlackClock "0:00:09"]
[Board "34"]

1. f4 e5 2. fxe5 Nc6 3. Nf3 d6 4. e4 Nxe5 5. d4 Nxf3+ 6. Qxf3 Nf6 7. Nc3 Be7 8. Bd3 O-O 9. O-O c5 10. d5 Ng4 11. Bf4 Bg5 12. Bg3 Bf6 13. h3 Ne5 14. Qe2 g6 15. Kh2 Bg7 16. Nd1 f5 17. Ne3 f4 18. Rxf4 Rxf4 19. Bxf4 Bd7 20. Rf1 Qe7 21. Bg3 a6 22. c3 b5 23. Bc2 Re8 24. a4 h5 25. axb5 h4 26. Be1 axb5 27. Rf4 Nf7 28. Rxh4 Be5+ 29. Kh1 Ng5 30. Ng4 Rf8 31. Nxe5 Qxe5 32. Kg1 Kg7 33. Qe3 Re8 34. Bg3 Qf6 35. Rf4 Qe7 36. Bh4 Qe5 37. Bxg5 Qxg5 38. Rf7+ Kh6 39. Rh7+ Kxh7 40. Qxg5 1-0


[Site "https://www.chess.com"]